% Time on Ice - PORTLAND PIRATES
Lines # - Real PCT - Wanted PCT - Time Play
Normal Forward
1 - 33% - 33% - 16:59
2 - 31% - 30% - 15:44
3 - 27% - 27% - 13:58
4 - 8% - 10% - 4:14
Normal Defense
1 - 36% - 36% - 18:18
2 - 36% - 36% - 18:08
3 - 22% - 20% - 11:14
4 - 6% - 8% - 3:15
PP Forward
1 - 48% - 60% - 1:31
2 - 52% - 40% - 1:37
PP Defense
1 - 74% - 60% - 2:20
2 - 26% - 40% - 0:48
PK Forward
1 - 76% - 60% - 4:30
2 - 24% - 40% - 1:27
PK Defense
1 - 53% - 60% - 3:08
2 - 47% - 40% - 2:49
PK3 Forward
1 - 0% - 60%
2 - 0% - 40%
PK3 Defense
1 - 0% - 60%
2 - 0% - 40%
44 Forward
1 - 0% - 60%
2 - 0% - 40%
44 Defense
1 - 0% - 60%
2 - 0% - 40%
Last Minute Offensive  - 0:00
Last Minute Defensive  - 0:00
Total
Forward - 60:00
Defense - 60:00
% Time on Ice - BANFF WOLVES
Lines # - Real PCT - Wanted PCT - Time Play
Normal Forward
1 - 25% - 25% - 12:49
2 - 25% - 25% - 12:58
3 - 24% - 25% - 12:21
4 - 25% - 25% - 12:47
Normal Defense
1 - 34% - 35% - 17:30
2 - 36% - 35% - 18:15
3 - 29% - 30% - 14:40
4 - 1% - 0% - 0:30
PP Forward
1 - 56% - 55% - 3:19
2 - 44% - 45% - 2:38
PP Defense
1 - 67% - 55% - 4:00
2 - 33% - 45% - 1:57
PK Forward
1 - 62% - 55% - 1:57
2 - 38% - 45% - 1:11
PK Defense
1 - 93% - 55% - 2:54
2 - 7% - 45% - 0:14
PK3 Forward
1 - 0% - 55%
2 - 0% - 45%
PK3 Defense
1 - 0% - 55%
2 - 0% - 45%
44 Forward
1 - 0% - 55%
2 - 0% - 45%
44 Defense
1 - 0% - 55%
2 - 0% - 45%
Last Minute Offensive  - 0:00
Last Minute Defensive  - 0:00
Total
Forward - 60:00
Defense - 60:00
Play-by-Play 1st period 0:01 of 1st period - Jonathan Toews wins face-off versus Max McCormick in neutral zone. 0:14 of 1st period - Shot by Gabriel Landeskog. 0:14 of 1st period - Shot Misses the Net. 0:16 of 1st period - Shot by Jonathan Toews. 0:16 of 1st period - Stopped by Mikko Koskinen with a rebound. 0:30 of 1st period - Shot by Jonathan Toews. 0:30 of 1st period - Shot Misses the Net. 0:32 of 1st period - Shot by Thomas Chabot. 0:32 of 1st period - Stopped by Mikko Koskinen without a rebound. 0:33 of 1st period - Jack Eichel wins face-off versus Eric Staal in BANFF WOLVES zone. 0:59 of 1st period - Shot by Jack Eichel. 0:59 of 1st period - Shot Misses the Net. 1:11 of 1st period - Tyler Toffoli is hit by Yanni Gourde and loses puck. 2:14 of 1st period - Shot by Tyler Ennis. 2:14 of 1st period - Stopped by Cam Ward with a rebound. 2:16 of 1st period - Shot by Josh Archibald. 2:16 of 1st period - Stopped by Cam Ward without a rebound. 2:17 of 1st period - Mark Letestu wins face-off versus Jonathan Toews in PORTLAND PIRATES zone. 2:22 of 1st period - Shot by Craig Smith. 2:22 of 1st period - Shot Blocked by Brian Dumoulin. 2:24 of 1st period - Shot by Nikita Zaitsev. 2:24 of 1st period - Stopped by Cam Ward without a rebound. 2:25 of 1st period - Jonathan Toews wins face-off versus Tanner Kero in PORTLAND PIRATES zone. 2:25 of 1st period - Jonathan Toews is hit by Tanner Kero. 3:03 of 1st period - Jonathan Toews is hit by Nikita Zaitsev and loses puck. 4:16 of 1st period - Nikita Zaitsev is hit by Eric Staal and loses puck. 4:29 of 1st period - Shot by Mike Hoffman. 4:29 of 1st period - Shot Misses the Net. 4:31 of 1st period - Shot by Yanni Gourde. 4:31 of 1st period - Shot Misses the Net. 4:33 of 1st period - Shot by Eric Staal. 4:33 of 1st period - Stopped by Mikko Koskinen without a rebound. 4:34 of 1st period - Josh Archibald wins face-off versus Jonathan Toews in BANFF WOLVES zone. 4:43 of 1st period - Shot by John Hayden. 4:43 of 1st period - Shot Hit the Post. 5:36 of 1st period - Shot by Mark Jankowski. 5:36 of 1st period - Stopped by Cam Ward with a rebound. 5:38 of 1st period - Shot by Mark Jankowski. 5:38 of 1st period - Shot Misses the Net. 5:40 of 1st period - Shot by Mark Jankowski. 5:40 of 1st period - Shot Misses the Net. 5:42 of 1st period - Shot by Taylor Fedun. 5:42 of 1st period - Shot Misses the Net. 5:44 of 1st period - Shot by Alex Biega. 5:44 of 1st period - Stopped by Cam Ward without a rebound. 5:45 of 1st period - Pavel Zacha wins face-off versus Jack Eichel in PORTLAND PIRATES zone. 5:50 of 1st period - Alec Martinez is hit by Miles Wood and loses puck. 6:19 of 1st period - Shot by Tyler Toffoli. 6:19 of 1st period - Stopped by Cam Ward without a rebound. 6:20 of 1st period - Yanni Gourde wins face-off versus Max McCormick in PORTLAND PIRATES zone. 6:20 of 1st period - Yanni Gourde is hit by Max McCormick. 7:10 of 1st period - Off-side. 7:11 of 1st period - Brett Connolly wins face-off versus Josh Archibald in neutral zone. 7:30 of 1st period - Shot by Josh Archibald. 7:30 of 1st period - Deflect By Tyler Ennis. 7:30 of 1st period - Shot Blocked by Brian Dumoulin. 7:38 of 1st period - Shot by John Hayden. 7:38 of 1st period - Deflect By Tyler Ennis. 7:38 of 1st period - Stopped by Cam Ward with a rebound. 7:40 of 1st period - Shot by John Hayden. 7:40 of 1st period - Stopped by Cam Ward without a rebound. 7:41 of 1st period - Jonathan Toews wins face-off versus Jack Eichel in PORTLAND PIRATES zone. 8:10 of 1st period - Shot by Gabriel Landeskog. 8:10 of 1st period - Shot Misses the Net. 9:00 of 1st period - Off-side. 9:01 of 1st period - Pavel Zacha wins face-off versus Josh Archibald in neutral zone. 9:18 of 1st period - Shot by Josh Archibald. 9:18 of 1st period - Shot Blocked by Erik Burgdoerfer. 9:20 of 1st period - Shot by Josh Archibald. 9:20 of 1st period - Stopped by Cam Ward without a rebound. 9:21 of 1st period - Eric Staal wins face-off versus Mark Letestu in PORTLAND PIRATES zone. 9:38 of 1st period - Icing by Miro Heiskanen. 9:39 of 1st period - Mark Letestu wins face-off versus Pavel Zacha in BANFF WOLVES zone. 10:05 of 1st period - Alex Chiasson is hit by Nikita Zaitsev and loses puck. 10:08 of 1st period - Shot by Pavel Zacha. 10:08 of 1st period - Deflect By Alex Chiasson. 10:08 of 1st period - Shot Blocked by Nikita Zaitsev. 10:57 of 1st period - Shot by Eric Staal. 10:57 of 1st period - Shot Misses the Net. 11:11 of 1st period - Shot by Mike Hoffman. 11:11 of 1st period - Shot Blocked by Mark Jankowski. 11:13 of 1st period - Shot by Brian Dumoulin. 11:13 of 1st period - Shot Misses the Net. 11:30 of 1st period - Shot by Mike Hoffman. 11:30 of 1st period - Shot Blocked by Alex Biega. 11:32 of 1st period - Shot by Yanni Gourde. 11:32 of 1st period - Stopped by Mikko Koskinen with a rebound. 11:57 of 1st period - Josh Archibald is hit by Alec Martinez and loses puck. 12:11 of 1st period - Minor Penalty to Alec Martinez for Hooking. 12:12 of 1st period - Yanni Gourde wins face-off versus Tyler Ennis in PORTLAND PIRATES zone. 12:42 of 1st period - Shot by Miro Heiskanen. 12:42 of 1st period - Shot Misses the Net. 12:44 of 1st period - Shot by Tyler Toffoli. 12:44 of 1st period - Shot Blocked by Brian Dumoulin. 13:16 of 1st period - Shot by Craig Smith. 13:16 of 1st period - Stopped by Cam Ward without a rebound. 13:17 of 1st period - Pavel Zacha wins face-off versus Josh Archibald in PORTLAND PIRATES zone. 15:34 of 1st period - Shot by Brett Connolly. 15:34 of 1st period - Stopped by Mikko Koskinen without a rebound. 15:35 of 1st period - Max McCormick wins face-off versus Eric Staal in BANFF WOLVES zone. 15:44 of 1st period - Icing by Mark Jankowski. 15:45 of 1st period - Jason Dickinson wins face-off versus Max McCormick in BANFF WOLVES zone. 16:18 of 1st period - Shot by Alex Chiasson. 16:18 of 1st period - Shot Misses the Net. 16:20 of 1st period - Shot by Jason Dickinson. 16:20 of 1st period - Stopped by Mikko Koskinen without a rebound. 16:21 of 1st period - Eric Staal wins face-off versus Josh Archibald in BANFF WOLVES zone. 16:21 of 1st period - Thomas Chabot is hit by Josh Teves and loses puck. 16:29 of 1st period - Mike Hoffman is hit by Josh Teves and loses puck. 16:44 of 1st period - Shot by Eric Staal. 16:44 of 1st period - Stopped by Mikko Koskinen without a rebound. 16:45 of 1st period - Jack Eichel wins face-off versus Travis Konecny in BANFF WOLVES zone. 17:59 of 1st period - Shot by Alex Chiasson. 17:59 of 1st period - Shot Blocked by Michael Stone. 18:01 of 1st period - Shot by Thomas Chabot. 18:01 of 1st period - Stopped by Mikko Koskinen without a rebound. 18:02 of 1st period - Eric Staal wins face-off versus Tanner Kero in BANFF WOLVES zone. 18:05 of 1st period - Shot by Eric Staal. 18:05 of 1st period - Deflect By Mike Hoffman. 18:05 of 1st period - Shot Misses the Net. 18:07 of 1st period - Shot by Eric Staal. 18:07 of 1st period - Shot Blocked by Craig Smith. 18:11 of 1st period - Shot by Yanni Gourde. 18:11 of 1st period - Stopped by Mikko Koskinen with a rebound. 18:13 of 1st period - Shot by Eric Staal. 18:13 of 1st period - Shot Misses the Net. 18:15 of 1st period - Shot by Yanni Gourde. 18:15 of 1st period - Stopped by Mikko Koskinen without a rebound. 18:16 of 1st period - Pavel Zacha wins face-off versus Markus Granlund in BANFF WOLVES zone. 19:32 of 1st period - Josh Archibald is hit by Erik Burgdoerfer. 19:44 of 1st period - Shot by Tyler Ennis. 19:44 of 1st period - Stopped by Cam Ward without a rebound. 19:45 of 1st period - Jonathan Toews wins face-off versus Mark Letestu in PORTLAND PIRATES zone. 19:50 of 1st period - Shot by Gabriel Landeskog. 19:50 of 1st period - Shot Misses the Net. Goals for this period are 0 for PORTLAND PIRATES vs 0 for BANFF WOLVES. Shots for this period are 10 for PORTLAND PIRATES vs 11 for BANFF WOLVES. 2nd period 0:01 of 2nd period - Eric Staal wins face-off versus Josh Archibald in neutral zone. 0:50 of 2nd period - Icing by Alex Biega. 0:51 of 2nd period - Pavel Zacha wins face-off versus Josh Archibald in BANFF WOLVES zone. 1:02 of 2nd period - Shot by Alex Chiasson. 1:02 of 2nd period - Goal by Alex Chiasson - PORTLAND PIRATES : 1 - BANFF WOLVES : 0. 1:03 of 2nd period - Jonathan Toews wins face-off versus Craig Smith in neutral zone. 1:33 of 2nd period - Minor Penalty to Craig Smith for Slashing. 1:34 of 2nd period - Eric Staal wins face-off versus Markus Granlund in BANFF WOLVES zone. 1:47 of 2nd period - Shot by Eric Staal. 1:47 of 2nd period - Shot Misses the Net. 1:53 of 2nd period - Shot by Mike Hoffman. 1:53 of 2nd period - Stopped by Mikko Koskinen without a rebound. 1:54 of 2nd period - Jonathan Toews wins face-off versus Markus Granlund in BANFF WOLVES zone. 1:59 of 2nd period - Shot by Gabriel Landeskog. 1:59 of 2nd period - Stopped by Mikko Koskinen without a rebound. 2:00 of 2nd period - Jonathan Toews wins face-off versus Markus Granlund in BANFF WOLVES zone. 2:22 of 2nd period - Shot by Jonathan Toews. 2:22 of 2nd period - Shot Misses the Net. 2:40 of 2nd period - Shot by Jonathan Toews. 2:40 of 2n